 Dungeon Crawl Stone Soup version 0.29.1-13-g9f3cf754e1 (webtiles) character file.

Game seed: 5046878936303913344

53 Thatpatchoflichen the Shooter (level 3, -3/31 HPs)
             Began as a Ghoul Hunter on Feb 1, 2023.
             Slain by a worm (4 damage)
             ... on level 2 of the Dungeon.
             The game lasted 00:03:46 (1109 turns).

Thatpatchoflichen the Shooter (Ghoul Hunter)        Turns: 1109, Time: 00:03:46

Health: -3/31      AC:  5    Str: 14    XL:     3   Next: 87%
Magic:  2/2        EV: 12    Int:  4    God:
Gold:   59         SH:  0    Dex: 14    Spells: 2/2 levels left

rFire   . . .      SeeInvis .   a - +0 shortbow
rCold   + . .      Faith    .   (shield currently unavailable)
rNeg    + + +      Spirit   .   c - +0 leather armour
rPois   ∞          Reflect  .   d - +0 helmet
rElec   .          Harm     .   (no cloak)
rCorr   .          Rampage  .   k - +0 pair of gloves
Will    .....                   (no boots)
Stlth   +.........              (no amulet)
HPRegen 0.00/turn               (no ring)
MPRegen 0.08/turn               (no ring)

@: inhibited regen
A: claws 1, cold resistance 1, negative energy resistance 3, inhibited
regeneration, torment resistance 2, devour on kill
a: no special abilities


You were on level 2 of the Dungeon.
You visited 1 branch of the dungeon, and saw 3 of its levels.

You collected 59 gold pieces.

Inventory:

Hand Weapons
 a - a +0 shortbow (weapon)
Missiles
 j - 2 curare-tipped darts
Armour
 c - a +0 leather armour (worn)
 d - a +0 helmet (worn)
 k - a +0 pair of gloves (worn)
Jewellery
 i - a ring of wizardry
Scrolls
 b - a scroll of immolation
 f - a scroll of amnesia {unknown}
 g - 2 scrolls of identify {unknown}
 h - a scroll of summoning {unknown}
Potions
 e - a potion of degeneration {unknown}


   Skills:
 + Level 3.1 Fighting
 + Level 4.1 Ranged Weapons
 - Level 0.2 Armour
 + Level 2.5 Dodging
 - Level 1.1 Stealth


You had 2 spell levels left.
You didn't know any spells.
Your spell library was empty.

Dungeon Overview and Level Annotations

Branches:
Dungeon (3/15)

Altars:

Annotations:
D:3 Robin


Innate Abilities, Weirdness & Mutations

You are immune to poison.
You have sharp fingernails.
Your flesh is cold resistant. (rC+)
You are immune to negative energy. (rN+++)
You do not regenerate when monsters are visible.
You are immune to unholy pain and torment.
You thrive by killing the living.


Message History

Okay, then.
You start resting.
HP restored.
You climb downwards.
Level annotation: Robin The hobgoblin closely misses you.
The goblin hits you but does no damage.
The hobgoblin hits you but does no damage.
The goblin hits you but does no damage. The worm closely misses you.
There is a stone staircase leading up here.
The goblin hits you but does no damage. The hobgoblin misses you.
The hobgoblin hits you. The goblin hits you but does no damage.
The goblin hits you with a +0 club. The worm bites you!
You climb upwards.
There is a stone staircase leading down here.
Fire: a) +0 shortbow
Press: ? - help, Q - select action, (/) - cycle Shift-Dir - straight line, f - goblin
Aim: a goblin, wielding a +0 club (55% to hit)
You shoot an arrow. The arrow misses the goblin.
The hobgoblin hits you.
The goblin hits you but does no damage. x2
The goblin hits you with a +0 club. The goblin barely misses you.
The hobgoblin hits you. The goblin hits you but does no damage.
The goblin barely misses you. The worm bites you.
* * * LOW HITPOINT WARNING * * *
Fire: a) +0 shortbow
Press: ? - help, Q - select action, (/) - cycle Shift-Dir - straight line, f/p - goblin
Aim: a goblin, wielding a +0 club (55% to hit)
You shoot an arrow. The arrow hits the goblin.
You kill the goblin!
The hobgoblin hits you but does no damage.
The goblin closely misses you. The goblin hits you with a +0 club.
* * * LOW HITPOINT WARNING * * *
Fire: a) +0 shortbow
Press: ? - help, Q - select action, (/) - cycle Shift-Dir - straight line, f - hobgoblin
Aim: a hobgoblin (62% to hit)
You shoot an arrow. The arrow barely misses the hobgoblin.
The arrow hits the hobgoblin.
The hobgoblin is heavily wounded.
The hobgoblin misses you.
The goblin hits you but does no damage. x2
The worm bites you.
You die...

##<.....###.
#........#..#
#..........## .. ..
#..........# .. ..
#..........# .# .#
#####........#..# .? .#
##...........###.. # #.
.# #.)##.......†.#..# .
#. .##. #@gg.......... .
#.#.##.#wgg........... .
#.<........#......... #
...............##........
.
..........###............
. ...###...##
#..##.#...... . .. .>..#
#..# ...#### . ....##
.... #.## .....


You could see a worm, 2 hobgoblins and 2 goblins.

Vanquished Creatures
  An adder (D:2)
  3 dart slugs
  3 bats
  5 endoplasms
  A giant cockroach (D:1)
  7 goblins
  4 hobgoblins
  2 quokkas (D:1)
  A ball python (D:1)
  3 kobolds (D:1)
  6 rats (D:1)
36 creatures vanquished.

Notes
Turn   | Place    | Note
-------+----------+-------------------------------------------
     0 | D:1      | Thatpatchoflichen the Ghoul Hunter began the quest for the
                  | Orb.
     0 | D:1      | Reached XP level 1. HP: 17/17 MP: 0/0
    80 | D:1      | Reached XP level 2. HP: 25/25 MP: 1/1
   453 | D:1      | Reached XP level 3. HP: 22/30 MP: 2/2
   927 | D:2      | Reached skill level 4 in Ranged Weapons
   993 | D:3      | Noticed Robin
  1108 | D:2      | HP: 1/31 [goblin/+0 club[Robin] (3)]
  1109 | D:2      | Slain by a worm

Illustrated notes

Levels and vault maps discovered:
D:1:      minmay_arrival_stair_chambers, layout_loops_ring
D:2:      layout_rooms, serial_glass, glass_columns_b, glass_columns_a,
          due_unseen_surprise, minmay_strange_pillars, minmay_domino_4
D:3:      layout_basic, uniq_crazy_yiuf_cottage, uniq_robin, uniq_grinder,
          uniq_sigmund

Skill      XL: |  1  2  3 |
---------------+----------+-----
Dodging        | 2 |  2.5
Ranged Weapons | 4 |  4.1
Fighting       | 3 |  3.1
Armour         | |  0.2
Stealth        | |  1.1

Action                   || total
-------------------------++-------
 Fire: Shortbow          ||    95
Armor: Leather armour    ||    30
Dodge: Dodged            ||    52
